 Dungeon Crawl Stone Soup version 0.31-a0-161-gb58dd9be76 (webtiles) character file.

Game seed: 4578086968795699086

382 qw the Shooter (level 6, 0/39 HPs)
             Began as a Gargoyle Hunter on June 12, 2023.
             Killed from afar by Ijyb (17 damage)
             ... with a bolt of light
             ... on level 4 of the Dungeon.
             The game lasted 00:01:22 (2537 turns).

qw the Shooter (Gargoyle Hunter)                    Turns: 2537, Time: 00:01:23

Health: 0/39       AC: 10    Str: 14    XL:     6   Next: 76%
Magic:  6/6        EV: 10    Int: 10    God:
Gold:   146        SH:  0    Dex: 15    Spells: 5/5 levels left

rFire   . . .        Y - +0 shortbow
rCold   . . .        (shield currently unavailable)
rNeg    + . .        g - +0 ring mail
rPois   inf          (no helmet)
rElec   +            (no cloak)
rCorr   .            c - +0 pair of gloves
SInv    .            (no boots)
Will    +....        n - amulet of regeneration
Stlth   +            b - ring of willpower
HPRegen 1.06/turn    (no ring)
MPRegen 0.10/turn

%: no passive effects
@: no status effects
A: sickness immunity, AC +4, negative energy resistance 1, electricity
resistance, torment resistance 1, petrification resistance
a: no special abilities


You were on level 4 of the Dungeon.
You visited 1 branch of the dungeon, and saw 4 of its levels.
You also visited: Sewer.

You collected 199 gold pieces.
You spent 53 gold pieces at shops.


Innate Abilities, Weirdness & Mutations

You are immune to sickness and miasma.
Your stone body is resilient. (AC +4)
You are immune to poison.
You resist negative energy. (rN+)
You are resistant to electric shocks. (rElec)
You are resistant to unholy torment.
You are immune to petrification.


   Skills:
 - Level 4.7 Fighting
 + Level 6.7 Ranged Weapons
 - Level 1.0 Armour
 - Level 1.5 Dodging
 - Level 1.1 Stealth


You had 5 spell levels left.
You didn't know any spells.
Your spell library was empty.

Inventory:

Hand Weapons
 Y - a +0 shortbow (weapon)
Armour
 c - a +0 pair of gloves (worn)
 g - a +0 ring mail (worn)
 i - a +0 helmet
Jewellery
 a - a ring of positive energy
 b - a ring of willpower (left hand)
 n - an amulet of regeneration (around neck)
Scrolls
 e - a scroll of identify
Potions
 d - a potion of curing
 f - 2 potions of attraction
 h - a potion of mutation
 j - a potion of cancellation
 k - a potion of heal wounds
 l - a potion of lignification
 m - a potion of magic
 o - a potion of berserk rage {unknown}
 p - a potion of invisibility {unknown}
 q - a potion of resistance

Dungeon Overview and Level Annotations

Branches:
Dungeon (4/15)              Sewer (visited)
 Temple: D:4-7

Altars:
Ashenzari
Qazlal
Zin

Shops:
D:1 ?*=

Annotations:
D:4 Ijyb


Message History

Ijyb zaps a wand.
The bolt of light hits you!
You are confused.
The kobold closely misses you.
2527 ||| DRINKING 4 potions of curing.
You feel better.
2527 ||| (to cure confusion) Ijyb closely misses you.
The kobold completely misses you.
You shoot an arrow. The arrow barely misses Ijyb.
Ijyb hits you with a +0 club. The kobold closely misses you.
The kobold hits you with a +0 whip. Ijyb completely misses you.
You shoot an arrow. The arrow hits Ijyb.
Ijyb is lightly wounded.
The kobold hits you but does no damage. Ijyb hits you but does no damage.
You shoot an arrow. The arrow barely misses Ijyb.
Ijyb zaps a wand.
The bolt of light hits you!
You are confused.
The kobold hits you with a +0 whip.
2531 ||| DRINKING 3 potions of curing.
You feel better.
2531 ||| (to cure confusion) Ijyb barely misses you.
The kobold barely misses you.
You shoot an arrow. The arrow hits Ijyb but does no damage.
Ijyb is lightly wounded.
Ijyb closely misses you. The kobold hits you with a +0 whip.
You shoot an arrow. The arrow closely misses Ijyb.
Ijyb hits you with a +0 club. The kobold barely misses you.
You shoot an arrow. The arrow hits Ijyb.
Ijyb is lightly wounded.
Ijyb hits you but does no damage. The kobold hits you but does no damage.
Ijyb hits you with a +0 club. The kobold hits you but does no damage.
You shoot an arrow. The arrow hits Ijyb but does no damage.
Ijyb is lightly wounded.
Ijyb hits you but does no damage. The kobold barely misses you.
You shoot an arrow. The arrow hits Ijyb but does no damage.
Ijyb is lightly wounded.
Ijyb zaps a wand.
The bolt of light hits you!
You are confused.
The kobold closely misses you.
2537 ||| DRINKING 2 potions of curing.
You feel better.
2537 ||| (to cure confusion) Ijyb zaps a wand.
The bolt of light hits you!
You die...

#.#.#...+..._...+
#.#.....#.......#
#...#####........###
#.#....#.........#..
#######.###..#}.##+##.}...
#.......# ...#### ##.#..
#.#####.# ......# #.....
####.##g#....# #.....
#.....@....#.# #...(#
#.##.##K#..... ......# #
#.# .# #.# ####... ..# $.
##.# #### ... #.. #### ##.
####. ##.... ###.....


You could see Ijyb and a kobold.

Vanquished Creatures
  A water moccasin (Sewer)
  An orc priest (D:3)
  Terence (D:2)
  An orc wizard (D:3)
  9 adders
  3 worms
  A dart slug (D:4)
  8 orcs (D:3)
  7 ball pythons
  6 endoplasms
  2 giant cockroaches
  10 goblins
  8 hobgoblins
  8 kobolds
  6 quokkas
  12 bats
  A frilled lizard (D:3)
  8 rats
  2 butterflies (D:2)
95 creatures vanquished.

Notes
Turn   | Place    | Note
-------+----------+-------------------------------------------
     0 | D:1      | qw the Gargoyle Hunter began the quest for the Orb.
     0 | D:1      | Reached XP level 1. HP: 12/12 MP: 1/1
     0 | D:1      | 0 ||| qw: Version: 0.2-a-29-gc1b59c4
     0 | D:1      | 0 ||| qw: Game counter: 4200
     0 | D:1      | 0 ||| qw: Always use a shield: true
     0 | D:1      | 0 ||| qw: God list: Okawaru
     0 | D:1      | 0 ||| qw: Allow faded altars: false
     0 | D:1      | 0 ||| qw: Do Orc after D:15 true
     0 | D:1      | 0 ||| qw: Do second Lair branch before Depths: true
     0 | D:1      | 0 ||| qw: Lair rune preference: random
     0 | D:1      | 0 ||| qw: Plans: Normal, Zot:1-4, Slime:5, God:TSO, Crypt,
                  | Tomb, Abyss, Pan, Hells, Win
     0 | D:1      | 0 ||| PLANNING D:1-11
    99 | D:1      | Found Xubb's Jewellery Boutique.
   105 | D:1      | Reached XP level 2. HP: 17/17 MP: 2/2
   120 | D:1      | 120 ||| SHOPLISTING amulet of faith (520 gold, have 22).
   120 | D:1      | 120 ||| SHOPLISTING ring of fire (325 gold, have 22).
   120 | D:1      | 120 ||| SHOPLISTING ring of resist corrosion (260 gold,
                  | have 22).
   148 | D:1      | Found Kioco's General Store.
   153 | D:1      | 153 ||| BUYING potion of attraction (33 gold).
   153 | D:1      | Bought a potion of attraction for 33 gold pieces
   153 | D:1      | 153 ||| SHOPLISTING potion of curing (33 gold, have 7).
   208 | D:1      | Reached XP level 3. HP: 18/21 MP: 3/3
   242 | D:1      | Found a faded altar of an unknown god.
   278 | D:1      | Reached skill level 5 in Ranged Weapons
   441 | D:1      | Found Lut Xeithriof's Magic Scroll Shoppe.
   449 | D:1      | 449 ||| SHOPLISTING scroll of acquirement (520 gold, have
                  | 22).
   449 | D:1      | 449 ||| BUYING scroll of identify (20 gold).
   449 | D:1      | Bought a scroll of identify for 20 gold pieces
   572 | D:1      | 572 ||| UPGRADING to +0 ring mail.
   582 | D:1      | 582 ||| DROPPING +0 leather armour.
   583 | D:1      | 583 ||| READING 4 scrolls of identify.
   583 | D:1      | 583 ||| IDENTIFYING amethyst potion
   584 | D:1      | 584 ||| READING 3 scrolls of identify.
   584 | D:1      | 584 ||| IDENTIFYING viscous puce potion
   585 | D:1      | 585 ||| DROPPING scroll of butterflies.
   628 | D:2      | Reached skill level 1 in Armour
   679 | D:2      | HP: 5/22 [rat (3)]
   716 | D:2      | 716 ||| FLEEEEING.
   833 | D:2      | Reached skill level 3 in Fighting
   833 | D:2      | Reached XP level 4. HP: 28/28 MP: 4/4
   986 | D:2      | Found a glowing silver altar of Zin.
  1187 | D:2      | Noticed Terence
  1198 | D:2      | Killed Terence
  1199 | D:2      | Reached XP level 5. HP: 13/32 MP: 5/5
  1281 | D:2      | 1281 ||| UPGRADING to amulet of regeneration.
  1286 | D:2      | 1286 ||| UPGRADING to ring of willpower.
  1287 | D:2      | 1287 ||| READING scroll labelled TEMOIN TYXUVAA.
  1288 | D:2      | 1288 ||| READING scroll labelled EMULIMERHO.
  1293 | D:2      | 1293 ||| READING 3 scrolls of identify.
  1293 | D:2      | 1293 ||| IDENTIFYING bubbling clear potion
  1294 | D:2      | 1294 ||| READING 2 scrolls of identify.
  1294 | D:2      | 1294 ||| IDENTIFYING green potion
  1319 | D:3      | 1319 ||| PLANNING SEWER
  1391 | D:3      | Reached skill level 6 in Ranged Weapons
  1414 | D:3      | Found a stormy altar of Qazlal.
  1487 | D:3      | Found a glowing drain.
  1488 | D:3      | 1488 ||| READING 4 scrolls of identify.
  1488 | D:3      | 1488 ||| IDENTIFYING orange potion
  1489 | D:3      | 1489 ||| READING 3 scrolls of identify.
  1489 | D:3      | 1489 ||| IDENTIFYING fizzy inky potion
  1500 | Sewer    | Entered a sewer
  1528 | Sewer    | Noticed a water moccasin
  1553 | Sewer    | Killed a water moccasin
  1554 | Sewer    | Reached XP level 6. HP: 15/39 MP: 6/6
  1637 | Sewer    | 1637 ||| UPGRADING to +0 pair of gloves.
  1642 | Sewer    | 1642 ||| READING scroll labelled PUOTIO QIECHOM.
  1643 | Sewer    | 1643 ||| READING 2 scrolls of identify.
  1643 | Sewer    | 1643 ||| IDENTIFYING fizzy pink potion
  1644 | Sewer    | 1644 ||| DROPPING potion of ambrosia.
  1661 | D:3      | 1661 ||| PLANNING D:1-11
  2265 | D:3      | 2265 ||| READING scroll labelled YLASETHR ECLIM.
  2266 | D:3      | 2266 ||| DRINKING 2 lumpy cyan potions.
  2491 | D:4      | Found a broken altar of Ashenzari.
  2516 | D:4      | Noticed Ijyb
  2527 | D:4      | 2527 ||| DRINKING 4 potions of curing.
  2527 | D:4      | 2527 ||| (to cure confusion)
  2531 | D:4      | 2531 ||| DRINKING 3 potions of curing.
  2531 | D:4      | 2531 ||| (to cure confusion)
  2536 | D:4      | HP: 7/39 [Ijyb/bolt of light (10)]
  2537 | D:4      | 2537 ||| DRINKING 2 potions of curing.
  2537 | D:4      | 2537 ||| (to cure confusion)
  2537 | D:4      | Killed from afar by Ijyb

Levels and vault maps discovered:
D:1:      dpeg_arrival_houses_and_road, layout_basic, serial_shops, shop, shop,
          shop, hellmonk_ecumenical_altar_run_dry, minmay_misc_feat_pillars,
          hangedman_abyss_or_decor_lesser_grid
D:2:      layout_rooms, basic_altar, hangedman_glass_garden,
          minmay_small_reverse_x, uniq_terence
D:3:      wad_lake_hut, layout_loops_ring, nicolae_qazlal_scattered_showers,
          cheibrodos_sewer_entry_sluice
D:4:      layout_loops_cross, evilmike_ruin_ashenzari,
          nicolae_uskayaw_en_pointe, feat_on_display, uniq_ijyb, uniq_grinder

Skill      XL: |  1  2  3  4  5 |
---------------+----------------+-----
Ranged Weapons | 5 6 |  6.7
Armour         | 1 |  1.0
Fighting       | 3 4 |  4.7
Dodging        | |  1.5
Stealth        | |  1.1

Action                     |  1- 3 |  4- 6 || total
---------------------------+-------+-------++-------
   Fire: Shortbow          |   113 |   245 ||   358
    Use: Scroll            |     2 |     9 ||    11
         Potion            |       |     4 ||     4
 Armour: Leather armour    |    11 |       ||    11
         Ring mail         |    22 |    77 ||    99
  Dodge: Dodged            |    31 |    93 ||   124

Table legend:
 A = Non-vault XP
 B = Vault XP
 C = Vault XP percentage of total XP
 D = Non-vault monster count
 E = Vault monster count
 F = Vault count percentage of total count
                 A         B        C        D         E       F
            +---------+---------+-------+---------+---------+-------
      Total |     329 |     217 |  39.7 |      84 |       9 |   9.7
            +---------+---------+-------+---------+---------+-------
        D:1 |      47 |       0 |   0.0 |      27 |       0 |   0.0
        D:2 |      72 |      55 |  43.3 |      19 |       5 |  20.8
        D:3 |     145 |       9 |   5.8 |      29 |       3 |   9.4
        D:4 |      65 |       0 |   0.0 |       9 |       0 |   0.0
      Sewer |       0 |     153 | 100.0 |       0 |       1 | 100.0
            +---------+---------+-------+---------+---------+-------
